 Dungeon Crawl Stone Soup version 0.32-a0-928-g1cae6b7ea0 (webtiles) character file.

Game seed: 4388476882109818895

417 Dirtsage the Chopper (level 6, -4/30 HPs)
             Began as a Vine Stalker Gladiator on Apr 12, 2024.
             Killed by divine providence
             ... invoked by an orc priest
              (10 damage)
             ... on level 4 of the Dungeon.
             The game lasted 00:04:20 (2334 turns).

Dirtsage the Chopper (Vine Stalker Gladiator)       Turns: 2334, Time: 00:04:21

Health: -4/30      AC:  7    Str: 18    XL:     6   Next: 93%
Magic:  0/7        EV: 10    Int:  8    God:
Gold:   127        SH:  0    Dex: 16    Spells: 5/5 levels left

rFire   . . .        a - +0 war axe
rCold   . . .        (no shield)
rNeg    . . .        p - +0 ring mail
rPois   .            c - +0 helmet
rElec   .            (no cloak)
rCorr   .            w - +0 pair of gloves
SInv    .            (no boots)
Will    .....        i - amulet of regeneration
Stlth   +            (no ring)
HPRegen 1.85/turn    (no ring)
MPRegen 0.10/turn

%: guardian spirit
@: no status effects
A: fangs 2, regeneration 1, magic shield, antimagic bite, no potion heal 2
a: Convert to Beogh


You were on level 4 of the Dungeon.
You visited 1 branch of the dungeon, and saw 4 of its levels.

You collected 127 gold pieces.

Inventory:

Hand Weapons
 a - a +0 war axe (weapon)
Missiles
 d - 2 throwing nets (quivered)
 e - a javelin
Armour
 b - a +0 leather armour
 c - a +0 helmet (worn)
 m - a +0 kite shield
 p - a +0 ring mail (worn)
 w - a +0 pair of gloves (worn)
Jewellery
 i - an amulet of regeneration (around neck)
Wands
 s - a wand of flame (16)
Scrolls
 g - 2 scrolls of amnesia {unknown}
 j - a scroll of immolation {unknown}
 n - a scroll of revelation {unknown}
 q - a scroll of fog {unknown}
 t - a scroll of enchant weapon {unknown}
 v - 3 scrolls of teleportation {unknown}
Potions
 f - a potion of lignification
 h - 2 potions of brilliance {unknown}
 k - 2 potions of enlightenment {unknown}
 l - a potion of heal wounds
 o - 2 potions of might {unknown}
 r - 2 potions of curing {unknown}
 u - a potion of mutation


   Skills:
 - Level 1.7 Fighting
 + Level 6.9 Axes
 - Level 1.7 Throwing
 - Level 2.4 Dodging


You had 5 spell levels left.
You didn't know any spells.
Your spell library was empty.

Dungeon Overview and Level Annotations

Branches:
Dungeon (4/15)
 Temple: D:4-7

Altars:
Nemelex Xobeh
Vehumet


Innate Abilities, Weirdness & Mutations

You have extremely sharp teeth.
Your natural rate of healing is unusually fast.
When hurt, damage is shared between your health and your magic reserves.
Your bite disrupts and absorbs the magic of your enemies.
Potions cannot restore your health.


Message History

The iguana is severely wounded.
The iguana bites you but does no damage.
You regained 2 hp, and now have 11/30 hp.
You closely miss the iguana.
The iguana is severely wounded.
The orc priest shouts, "Beogh offers mercy even to people such as you.
Join us and be reborn!"
The iguana completely misses you.
You regained 2 hp, and now have 13/30 hp.
You hit the iguana. You bite the iguana, but do no damage.
The iguana is severely wounded.
The iguana bites you.
You take 3 damage, and have 10/30 hp.
You now have 3/7 mp.
You slash the iguana!
You kill the iguana!
You regained 2 hp, and now have 12/30 hp.
You hit the orc priest. You bite the orc priest. You drain its power.
You feel invigorated.
The orc priest is lightly wounded.
The orc priest shouts, "Surrender to Beogh and we'll let you live!"
The orc priest hits you with a +0 mace.
* * * LOW HITPOINT WARNING * * *
The orc priest mumbles some strange prayers to Beogh against you.
Pain shoots through your body!
* * * LOW HITPOINT WARNING * * *
You take 8 damage, and have 4/30 hp.
MASSIVE DAMAGE!!
You now have 2/7 mp.
You completely miss the orc priest.
You bite the orc priest, but do no damage.
The orc priest is lightly wounded.
The orc priest hits you but does no damage.
You regained 3 hp, and now have 7/30 hp.
You closely miss the orc priest. Your bite misses the orc priest.
The orc priest is lightly wounded.
The orc priest hits you with a +0 mace.
* * * LOW HITPOINT WARNING * * *
You take 3 damage, and have 4/30 hp.
You now have 2/7 mp.
You hit the orc priest. Your bite misses the orc priest.
The orc priest is heavily wounded.
The orc priest invokes the aid of Beogh against you.
Beogh smites you!
You die...

###'###.# ♣.♣♣
. ###'###.#
♣♣.♣ ♣
#.......# ♣.♣♣
#.......# ♣♣.♣
#.......# ♣.♣♣
#.......# ♣♣.♣
###+###.# ♣.♣♣
♣ #.# #.#
♣♣.♣♣.♣
###.###.###
♣♣@o.♣
..........#
♣♣♣...♣
###.###.#.#
..?♣ #.# #.#.#
$.♣ #)# #.#.#
÷♣ #.###.#.# ♣
#..##.#.#
##....#.#####
###........###


You could see an orc priest.

Vanquished Creatures
  Sigmund (D:2)
  An iguana (D:4)
  An orc wizard (D:3)
  4 gnolls
  7 adders
  A dart slug (D:2)
  3 ribbon worms
  6 orcs
  11 ball pythons
  5 endoplasms
  5 giant cockroaches
  9 goblins
  7 hobgoblins
  4 jackals
  A quokka (D:1)
  5 bats
  5 frilled lizards
  7 kobolds
  4 rats
87 creatures vanquished.

Notes
Turn   | Place    | Note
-------+----------+-------------------------------------------
     0 | D:1      | Dirtsage the Vine Stalker Gladiator began the quest for the
                  | Orb.
     0 | D:1      | Reached XP level 1. HP: 11/11 MP: 2/2
    84 | D:1      | Reached skill level 3 in Axes
   106 | D:1      | Reached XP level 2. HP: 11/15 MP: 3/3
   334 | D:1      | Reached XP level 3. HP: 18/18 MP: 4/4
   417 | D:1      | Found a faded altar of an unknown god.
   638 | D:2      | Reached skill level 4 in Axes
   700 | D:2      | Noticed Sigmund
   711 | D:2      | Killed Sigmund
   712 | D:2      | Reached skill level 5 in Axes
   712 | D:2      | Reached XP level 4. HP: 15/23 MP: 2/5
   712 | D:2      | Reached XP level 5. HP: 17/26 MP: 2/6
   953 | D:2      | Reached XP level 6. HP: 25/30 MP: 4/7
   956 | D:2      | Reached skill level 6 in Axes
  1320 | D:2      | Found a radiant altar of Vehumet.
  1723 | D:3      | Found a sparkling altar of Nemelex Xobeh.
  2334 | D:4      | Killed from afar by an orc priest

Illustrated notes

Levels and vault maps discovered:
D:1:      dpeg_arrival_short_road, layout_rooms,
          hellmonk_ecumenical_altar_leap_of_faith
D:2:      layout_loops_corners, basic_altar, kennysheep_generic_room_8,
          uniq_sigmund
D:3:      minmay_evil_eye, layout_rooms, mainiacjoe_overflow_surrounded_room
D:4:      kb_forest_paths, layout_basic, ebering_dispersal_statue_hall

Skill      XL: |  1  2  3  4  5  6 |
---------------+-------------------+-----
Axes           | 3 5 6 |  6.9
Fighting       | |  1.7
Throwing       | |  1.7
Dodging        | |  2.4

Action                     |  1- 3 |  4- 6 || total
---------------------------+-------+-------++-------
  Melee: War axe           |    72 |   133 ||   205
         Bite              |    17 |    40 ||    57
  Throw: Throwing net      |     2 |       ||     2
    Use: Scroll            |       |     3 ||     3
 Armour: Leather armour    |    46 |    25 ||    71
         Ring mail         |       |    66 ||    66
  Dodge: Dodged            |    45 |    71 ||   116

Table legend: (Time is in decaauts)
 A = Elapsed time spent in this place.
 B = Non-inter-level travel time spent in this place.
 C = Inter-level travel time spent in this place.
 D = Time resting spent in this place.
 E = Time spent auto-exploring this place.
 F = Levels seen in this place.
 G = Mean time per level.
                   A        B        C        D        E       F      G
               +--------+--------+--------+--------+--------+-----+--------+
         Total |   2381 |   2270 |    111 |      0 |   1739 |   4 |  595.2 |
       Dungeon |   2381 |   2270 |    111 |      0 |   1739 |   4 |  595.2 |
               +--------+--------+--------+--------+--------+-----+--------+

Top non-repeatable levels by time:
     D:2: 991 daAuts
     D:1: 620 daAuts
     D:3: 498 daAuts
     D:4: 271 daAuts
